 Dungeon Crawl Stone Soup version 0.27-a0-1312-g5cdb2b3542 (webtiles) character file.

Game seed: 6088258150772505114

78 hatdisgam the Magician (level 4, 0/30 HPs)
             Began as a Mummy Fire Elementalist on June 19, 2021.
             Slain by an orc (7 damage)
             ... on level 2 of the Dungeon.
             The game lasted 00:04:09 (2307 turns).

hatdisgam the Magician (Mummy Fire Elementalist)    Turns: 2307, Time: 00:04:09

Health: 0/30       AC:  4    Str: 11    XL:     4   Next: 15%
Magic:  3/9        EV: 12    Int: 15    God:
Gold:   82         SH:  0    Dex: 12    Spells: 8/9 levels left

rFire    x . .     SeeInvis .   b - +0 dagger
rCold    + . .     Faith    .   (no shield)
rNeg     + + +     Spirit   .   a - +0 robe
rPois    ∞         Reflect  .   (no helmet)
rElec    .         Harm     .   (no cloak)
rCorr    .         Rampage  .   e - +1 pair of gloves
Will     .....                  (no boots)
Stlth    ++........             (no amulet)
HPRegen  0.10/turn              (no ring)
MPRegen  0.11/turn              (no ring)

@: no status effects
A: cold resistance 1, negative energy resistance 3, torment resistance 2, heat
vulnerability 1, no potions
a: no special abilities


You were on level 2 of the Dungeon.
You visited 1 branch of the dungeon, and saw 2 of its levels.

You collected 82 gold pieces.

Inventory:

Hand Weapons
 b - a +0 dagger (weapon)
Armour
 a - a +0 robe (worn)
 e - a +1 pair of gloves (worn)
Scrolls
 c - a scroll of fear {unknown}
 d - a scroll of noise {unknown}
 f - a scroll of blinking {unknown}
 g - a scroll of identify {unknown}
 h - a scroll of teleportation {unknown}


   Skills:
 - Level 1.5 Dodging
 - Level 1.5 Stealth
 + Level 3.4 Spellcasting
 * Level 2.1 Conjurations
 * Level 3.2 Fire Magic


You had 8 spell levels left.
You knew the following spells:

 Your Spells              Type           Power      Damage    Failure   Level
a - Foxfire               Conj/Fire      40%        2x1d6     6%          1

Your spell library contained the following spells:

 Spells                   Type           Power      Damage    Failure   Level
 Magic Dart               Conj           32%        1d4       9%          1
 Searing Ray              Conj           16%        3d3       12%         2
 Conjure Flame            Conj/Fire      10%        6-21      19%         3
 Inner Flame              Hex/Fire       7%         N/A       30%         3
 Dazzling Flash           Conj/Hex       10%        N/A       36%         3
 Sticky Flame             Conj/Fire      10%        2d3       54%         4
 Fulminant Prism          Conj/Hex       2%         3d6       77%         4
 Iskenderun's Mystic Bla  Conj/Tloc      5%         2d3       77%         4
 Fireball                 Conj/Fire      5%         3d5       87%         5


Dungeon Overview and Level Annotations

Branches:
Dungeon (2/15)

Altars:

Shops:
D:1 [

Annotations:
D:2 Sigmund


Innate Abilities, Weirdness & Mutations

You are immune to poison.
Your flesh is cold resistant. (rC+)
You are immune to negative energy. (rN+++)
You are immune to unholy pain and torment.
You are vulnerable to heat. (rF-)
You do not drink.


Message History

Unknown command.
Casting: Foxfire (safe; 6% risk of failure)
Confirm with . or Enter, or press ? or * to list all spells.
You conjure some foxfire!
The orc wizard misses you. The orc barely misses you.
You hit the orc wizard but do no damage.
The orc wizard is heavily wounded.
The foxfire hits the orc wizard but does no damage.
The orc wizard is heavily wounded.
The foxfire hits the orc but does no damage.
The orc wizard points at you and mumbles some strange words.
The magic dart hits you! The orc hits you but does no damage.
You conjure some foxfire!
The orc wizard barely misses you. The orc closely misses you.
You conjure some foxfire!
The foxfire hits the orc wizard but does no damage.
The orc wizard is heavily wounded.
The foxfire hits the orc wizard.
The orc wizard is heavily wounded.
The orc wizard casts a spell at you. You resist with some effort.
The orc hits you with a +0 falchion.
You are too injured to fight recklessly!
Unknown command.
Casting: Foxfire (safe; 6% risk of failure)
Confirm with . or Enter, or press ? or * to list all spells.
You conjure some foxfire!
The foxfire hits the orc.
The orc is severely wounded.
The foxfire hits the orc.
The orc is almost dead.
The orc wizard hits you with a +0 dagger.
* * * LOW HITPOINT WARNING * * *
The orc hits you with a +0 falchion.
* * * LOW HITPOINT WARNING * * *
You barely miss the orc wizard.
The orc wizard is heavily wounded.
The foxfire hits the orc wizard.
The orc wizard is almost dead.
The foxfire hits the orc wizard.
You kill the orc wizard!
The orc hits you with a +0 falchion!
You die...

........####....#
......†.# #....#
.<......####....#
.#..............#
.#.#.#########.##
.#.#.# ##.# .#.#.#
##...## .#.#.#
#####...§§### .#.#.#
#.......)@..# ...#.#
#.###...o)#.#
.....###.# ##...##.#
.........##....# #.#
....####.##.### #.#
>#### #.##.# #.# ..#
#.##.# #.#
#.######....######.#
...................#


You could see an orc.

Vanquished Creatures
  An orc wizard (D:2)
  4 adders (D:2)
  A worm (D:2)
  An orc (D:2)
  3 ball pythons (D:2)
  3 endoplasms
  2 giant cockroaches (D:1)
  3 goblins (D:1)
  5 hobgoblins
  4 bats
  3 frilled lizards
  6 kobolds (D:1)
  3 rats (D:1)
39 creatures vanquished.

Vanquished Creatures (others)
  96 foxfires
96 creatures vanquished.

Grand Total: 135 creatures vanquished

Notes
Turn   | Place    | Note
-------+----------+-------------------------------------------
     0 | D:1      | hatdisgam the Mummy Fire Elementalist began the quest for
                  | the Orb.
     0 | D:1      | Reached XP level 1. HP: 13/13 MP: 4/4
   138 | D:1      | Reached skill level 1 in Conjurations
   447 | D:1      | Reached XP level 2. HP: 19/19 MP: 2/5
   518 | D:1      | Found Miurisih's Armour Shop.
  1399 | D:2      | Noticed Sigmund
  1433 | D:2      | Reached XP level 3. HP: 24/24 MP: 1/7
  2178 | D:2      | Reached XP level 4. HP: 30/30 MP: 5/9
  2307 | D:2      | Slain by an orc

Illustrated notes

Levels and vault maps discovered:
D:1:      arrival_zaba_pyramid, layout_basic, serial_shops, shop, serial_forest,
          infiniplex_forest_clump_diagonal, infiniplex_forest_end_2,
          infiniplex_forest_lined_4_way, infiniplex_forest_clump_long,
          infiniplex_forest_straight_2, infiniplex_forest_end_1,
          infiniplex_forest_clump_double, infiniplex_forest_lined_1,
          amcnicky_mini_pool_small, minmay_surrounded
D:2:      layout_loops_ring, amcnicky_mini_rare_corridor_liquid, minivault_24,
          minmay_shallow_snake_nest, uniq_sigmund

Skill      XL: |  1  2  3 |
---------------+----------+-----
Conjurations   | 1 2 |  2.1
Spellcasting   | 3 |  3.4
Fire Magic     | 3 |  3.2
Dodging        | |  1.5
Stealth        | |  1.5

Action                   |  1- 3 |  4- 6 || total
-------------------------+-------+-------++-------
Melee: Dagger            |    43 |     5 ||    48
 Cast: Foxfire           |    47 |     7 ||    54
 Stab: Sleeping          |     2 |       ||     2
Armor: Robe              |    23 |     2 ||    25
Dodge: Dodged            |    43 |    15 ||    58

Table legend: (Time is in decaauts)
 A = Elapsed time spent in this place.
 B = Non-inter-level travel time spent in this place.
 C = Inter-level travel time spent in this place.
 D = Time resting spent in this place.
 E = Time spent auto-exploring this place.
 F = Levels seen in this place.
 G = Mean time per level.
                   A        B        C        D        E       F      G
               +--------+--------+--------+--------+--------+-----+--------+
         Total |   2307 |   2267 |     40 |      0 |   1965 |   2 | 1153.5 |
       Dungeon |   2307 |   2267 |     40 |      0 |   1965 |   2 | 1153.5 |
               +--------+--------+--------+--------+--------+-----+--------+

Top non-repeatable levels by time:
     D:1: 1368 daAuts
     D:2: 939 daAuts
